 Dungeon Crawl Stone Soup version 0.31-a0-232-gb1c03b2570 (webtiles) character file.

Game seed: 4691712215142673734

537 qw the Shooter (level 7, 0/59 HPs)
             Began as a Minotaur Hexslinger on July 6, 2023.
             Was an Initiate of Okawaru.
             Killed from afar by a gargoyle (10 damage)
             ... with a stone arrow
             ... on level 5 of the Dungeon.
             The game lasted 00:01:24 (4023 turns).

qw the Shooter (Minotaur Hexslinger)                Turns: 4023, Time: 00:01:24

Health: 0/59       AC:  8    Str: 13    XL:     7   Next: 5%
Magic:  7/7        EV: 11    Int: 10    God:    Okawaru [......]
Gold:   219        SH:  0    Dex: 14    Spells: 7/8 levels left

rFire   . . .        Y - +3 sling (flame)
rCold   . . .        (no shield)
rNeg    . . .        k - +0 ring mail
rPois   .            (helmet restricted)
rElec   .            a - +2 cloak
rCorr   .            (no gloves)
SInv    .            (no boots)
Will    .....        (no amulet)
Stlth   +            (no ring)
HPRegen 0.29/turn    (no ring)
MPRegen 0.10/turn

%: no passive effects
@: about to teleport
A: horns 2, retaliatory headbutt
a: Renounce Religion


You were on level 5 of the Dungeon.
You worshipped Okawaru.
Okawaru was noncommittal.
You visited 2 branches of the dungeon, and saw 6 of its levels.

You collected 219 gold pieces.


Innate Abilities, Weirdness & Mutations

You have a pair of horns on your head.
You reflexively headbutt those who attack you in melee.


   Skills:
 - Level 4.0 Fighting
 + Level 7.4 Ranged Weapons
 - Level 1.7 Armour
 - Level 2.1 Dodging
 - Level 1.0 Spellcasting
 - Level 2.0 Hexes


You had 7 spell levels left.
You knew the following spells:

 Your Spells              Type           Power      Damage    Failure   Level
a - Slow                  Hex            16%        N/A       32%         1

Your spell library contained the following spells:

 Spells                   Type           Power      Damage    Failure   Level
 Inner Flame              Hex/Fire       2%         N/A       82%         3
 Portal Projectile        Hex/Tloc       4%         N/A       82%         3
 Cause Fear               Hex            2%         N/A       97%         4

Inventory:

Hand Weapons
 Y - a +3 sling of flaming (weapon)
Armour
 a - a +2 cloak (worn)
 k - a +0 ring mail (worn)
Jewellery
 i - the ring "Aphoif" {Fire rN+}
   (You acquired it on level 3 of the Dungeon)

   [ring of fire]

   It enhances your fire magic.
   rF:        It protects you from fire.
   rC:        It makes you vulnerable to cold.
   rN:        It protects you from negative energy.
Wands
 d - a wand of digging (5)
Scrolls
 c - a scroll of fear {unknown}
 f - a scroll of identify
 j - 2 scrolls of teleportation
 m - a scroll of blinking {unknown}
Potions
 b - a potion of haste
 e - 2 potions of enlightenment
 g - a potion of curing {unknown}
 h - a potion of mutation {unknown}
 l - a potion of cancellation

Dungeon Overview and Level Annotations

Branches:
Dungeon (5/15)             Temple (1/1) D:4

Altars:
Ashenzari
Elyvilon
Fedhas
Hepliaklqana
Kikubaaqudgha
Nemelex Xobeh
Okawaru
Qazlal
Trog
Uskayaw
Vehumet
Wu Jian
Xom
Zin
The Shining One

Shops:
D:2 [


Message History

The boomerang hits you but does no damage.
You shoot a sling bullet.
The sling bullet hits the orc warrior but does no damage.
The orc warrior is lightly wounded.
You shoot a sling bullet. The sling bullet hits the jelly.
The sling bullet burns the jelly.
The jelly is moderately wounded.
You shoot a sling bullet. The sling bullet hits the jelly.
The sling bullet burns the jelly.
The jelly is almost dead.
The jelly hits you but does no damage.
You shoot a sling bullet. The sling bullet hits the jelly.
The sling bullet burns the jelly.
You kill the jelly!
Okawaru accepts your kill.
The gargoyle hurls a stone arrow at you.
The stone arrow hits you!
The orc warrior throws a boomerang.
The boomerang hits you.
You have reached level 7!
You shoot a sling bullet.
The sling bullet hits the gargoyle but does no damage.
The orc warrior throws a boomerang.
The boomerang hits you but does no damage.
The gargoyle misses you. The gargoyle closely misses you.
You shoot a sling bullet.
The sling bullet barely misses the gargoyle.
The orc shouts!
The gargoyle hits you with a +0 flail!
You shoot a sling bullet.
The sling bullet closely misses the orc warrior.
The gargoyle hits you with a +0 flail.
The orc warrior hits you with a +0 great sword!
4023 ||| READING 3 scrolls of teleportation.
As you read the scroll of teleportation, it crumbles to dust.
You feel strangely unstable.
A hound comes into view.
The orc warrior misses you.
The gargoyle hurls a stone arrow at you.
The stone arrow hits you!
You die...

###.# ##..# #.#
... #..# #.#
###.## ##>.# #.#
#..###...# #.#
#.....######.
#..####......
.###.....!.#...
.........9#..#.#
..###...@o..o.#
#..#.##.).h..
#..... .#...#
##.#.## . !#.
#.#.. .. J9
#.#.# .. o #.#
..J ..#


You could see an orc warrior, a gargoyle, a hound (wandering) and an orc.

Vanquished Creatures
  An ice beast (D:5)
  2 scorpions (D:4)
  2 hounds (D:5)
  An orc priest (D:3)
  A jelly (D:5)
  2 iguanas (D:4)
  5 gnolls
  4 adders
  An ufetubus (D:4)
  A worm (D:2)
  8 orcs
  4 bats
  6 endoplasms
  2 giant cockroaches
  7 goblins
  7 hobgoblins
  5 jackals
  5 kobolds
  2 quokkas
  5 ball pythons
  2 frilled lizards
  5 rats
78 creatures vanquished.

Notes
Turn   | Place    | Note
-------+----------+-------------------------------------------
     0 | D:1      | qw the Minotaur Hexslinger began the quest for the Orb.
     0 | D:1      | Reached XP level 1. HP: 16/16 MP: 1/1
     0 | D:1      | 0 ||| qw: Version: 0.3-a-46-gb1f654a
     0 | D:1      | 0 ||| qw: Game counter: 2027
     0 | D:1      | 0 ||| qw: Melee chars always use a shield: true
     0 | D:1      | 0 ||| qw: God list: Okawaru
     0 | D:1      | 0 ||| qw: Allow faded altars: false
     0 | D:1      | 0 ||| qw: Do Orc after clearing Dungeon:15 true
     0 | D:1      | 0 ||| qw: Do second Lair branch before Depths: true
     0 | D:1      | 0 ||| qw: Lair rune preference: random
     0 | D:1      | 0 ||| qw: Goals: Normal
     0 | D:1      | 0 ||| PLANNING D:1-11
   249 | D:1      | Reached skill level 3 in Ranged Weapons
   249 | D:1      | Reached XP level 2. HP: 23/23 MP: 2/2
   655 | D:1      | 655 ||| READING scroll labelled EHUCA TUUGESEL.
   656 | D:1      | 656 ||| READING 2 scrolls labelled ULONWAJIJU.
   657 | D:1      | 657 ||| READING scroll of enchant weapon.
   657 | D:1      | 657 ||| ENCHANTING +2 sling.
   658 | D:1      | 658 ||| READING scroll labelled GOJYFOONER.
   659 | D:1      | 659 ||| READING scroll labelled KENUMU UNNA.
   660 | D:1      | 660 ||| DRINKING 2 glowing grey potions.
   661 | D:1      | 661 ||| DRINKING 2 glowing puce potions.
   662 | D:1      | 662 ||| DROPPING scroll of poison.
   663 | D:1      | 663 ||| DROPPING potion of attraction.
   976 | D:2      | Reached XP level 3. HP: 20/29 MP: 3/3
  1051 | D:2      | Reached skill level 4 in Ranged Weapons
  1160 | D:2      | Found Jodghuor's Antique Armour Emporium.
  1169 | D:2      | 1169 ||| SHOPLISTING encrusted ring mail (207 gold, have
                  | 78).
  1169 | D:2      | 1169 ||| SHOPLISTING pair of embroidered boots (172 gold,
                  | have 78).
  1169 | D:2      | 1169 ||| SHOPLISTING pair of gloves (103 gold, have 78).
  1169 | D:2      | 1169 ||| SHOPLISTING ring mail (92 gold, have 78).
  1357 | D:2      | 1357 ||| UPGRADING to +0 leather armour.
  1367 | D:2      | 1367 ||| DROPPING +0 robe.
  1368 | D:2      | 1368 ||| READING scroll labelled ANELIGONUS.
  1735 | D:3      | Reached XP level 4. HP: 28/36 MP: 4/4
  1738 | D:3      | 1738 ||| FLEEEEING.
  1739 | D:3      | 1739 ||| FLEEEEING.
  1740 | D:3      | 1740 ||| FLEEEEING.
  1765 | D:3      | Reached skill level 5 in Ranged Weapons
  1898 | D:3      | Found a radiant altar of Vehumet.
  2305 | D:3      | 2305 ||| UPGRADING to +0 ring mail.
  2315 | D:3      | 2315 ||| DROPPING +0 leather armour.
  2316 | D:3      | 2316 ||| UPGRADING to amulet of guardian spirit.
  2321 | D:3      | 2321 ||| READING scroll labelled GICOMU PEVYEBA.
  2322 | D:3      | 2322 ||| DRINKING 2 glowing emerald potions.
  2323 | D:3      | 2323 ||| READING 2 scrolls of identify.
  2323 | D:3      | 2323 ||| IDENTIFYING golden potion
  2420 | D:4      | 2420 ||| STAIRDANCE
  2420 | D:4      | HP: 9/37 [orc priest/divine providence (10)]
  2422 | D:3      | 2422 ||| READING 4 scrolls of teleportation.
  2582 | D:4      | Noticed a scorpion
  2584 | D:4      | Reached skill level 1 in Armour
  2584 | D:4      | Reached XP level 5. HP: 42/42 MP: 5/5
  2589 | D:4      | Reached skill level 3 in Fighting
  2778 | D:4      | 2778 ||| FLEEEEING.
  2779 | D:4      | 2779 ||| FLEEEEING.
  2780 | D:4      | 2780 ||| FLEEEEING.
  2781 | D:4      | 2781 ||| FLEEEEING.
  2781 | D:4      | HP: 11/46 [poisoned by an adder]
  2782 | D:4      | 2782 ||| FLEEEEING.
  2783 | D:4      | 2783 ||| FLEEEEING.
  2784 | D:4      | 2784 ||| FLEEEEING.
  2785 | D:4      | 2785 ||| FLEEEEING.
  2786 | D:4      | 2786 ||| FLEEEEING.
  2787 | D:4      | 2787 ||| FLEEEEING.
  2788 | D:4      | 2788 ||| FLEEEEING.
  2789 | D:4      | 2789 ||| FLEEEEING.
  2790 | D:4      | 2790 ||| FLEEEEING.
  2791 | D:4      | 2791 ||| FLEEEEING.
  2792 | D:4      | 2792 ||| FLEEEEING.
  2793 | D:4      | 2793 ||| FLEEEEING.
  2794 | D:4      | 2794 ||| FLEEEEING.
  2795 | D:4      | 2795 ||| FLEEEEING.
  2796 | D:4      | 2796 ||| FLEEEEING.
  2797 | D:4      | 2797 ||| FLEEEEING.
  2798 | D:4      | 2798 ||| FLEEEEING.
  2799 | D:4      | 2799 ||| FLEEEEING.
  2800 | D:4      | 2800 ||| FLEEEEING.
  2802 | D:4      | 2802 ||| FLEEEEING.
  2803 | D:4      | 2803 ||| FLEEEEING.
  2804 | D:4      | 2804 ||| FLEEEEING.
  2805 | D:4      | 2805 ||| FLEEEEING.
  2806 | D:4      | 2806 ||| STAIRDANCE
  2920 | D:3      | 2920 ||| UPGRADING to +2 cloak.
  2925 | D:3      | 2925 ||| READING scroll labelled DON HOKASHA.
  2925 | D:3      | Identified a scroll of acquirement
  2925 | D:3      | 2925 ||| ACQUIRING ring "Aphoif" {Fire rN+}
  2925 | D:3      | Acquired the ring "Aphoif" {Fire rN+}
  2927 | D:3      | 2927 ||| READING scroll labelled MAFFAR MIKELLA.
  2998 | D:3      | 2998 ||| READING 2 scrolls of identify.
  2998 | D:3      | 2998 ||| IDENTIFYING inky potion
  2999 | D:3      | 2999 ||| DROPPING potion of degeneration.
  3015 | D:4      | Reached skill level 6 in Ranged Weapons
  3015 | D:4      | Reached XP level 6. HP: 47/52 MP: 4/6
  3048 | D:4      | Found a staircase to the Ecumenical Temple.
  3049 | D:4      | 3049 ||| PLANNING TEMPLE
  3049 | D:4      | 3049 ||| Stepping ~*~*~tactically~*~*~ (outnumbered).
  3092 | Temple   | Entered the Ecumenical Temple
  3094 | Temple   | 3094 ||| PLANNING OKAWARU WORSHIP
  3399 | Temple   | Became a worshipper of Warmaster Okawaru
  3400 | Temple   | 3400 ||| PLANNING D:1-11
  3400 | Temple   | 3400 ||| REMOVING amulet of guardian spirit.
  3422 | Temple   | 3422 ||| DROPPING amulet of guardian spirit.
  3716 | D:5      | Entered Level 5 of the Dungeon
  3720 | D:5      | Noticed an ice beast
  3732 | D:5      | Killed an ice beast
  3861 | D:5      | Found a bloodstained altar of Trog.
  3978 | D:5      | Reached skill level 7 in Ranged Weapons
  4009 | D:5      | Noticed an orc warrior
  4009 | D:5      | Noticed a gargoyle
  4012 | D:5      | 4012 ||| Stepping ~*~*~tactically~*~*~ (outnumbered).
  4020 | D:5      | Reached XP level 7. HP: 33/59 MP: 7/7
  4022 | D:5      | HP: 9/59 [orc warrior/+0 great sword (13)]
  4023 | D:5      | 4023 ||| READING 3 scrolls of teleportation.
  4023 | D:5      | Killed from afar by a gargoyle

Levels and vault maps discovered:
D:1:      matt_arrival_refuge, layout_loops_cross, chequers_mini_garden
D:2:      layout_loops_ring, serial_shops, shop, hex_tiny, cheibrodos_gnoll_hut
D:3:      layout_basic, mainiacjoe_overflow_catwalk, hangedman_feature_mirror
D:4:      layout_rooms, minmay_temple_entry_offerings, grunt_ministairs_2
D:5:      cheibrodos_fzero, layout_loops_ring, mainiacjoe_overflow_alcove_3,
          kennysheep_mini_moat, yredelemnul_forgotten_temple_becter
Temple:   compressed_dpeg_triangle_lava_temple

Skill      XL: |  1  2  3  4  5  6 |
---------------+-------------------+-----
Ranged Weapons | 3 4 5 6 7 |  7.4
Fighting       | 2 3 4 |  4.0
Armour         | 1 |  1.7
Dodging        | |  2.1
Spellcasting   | |  1.0
Hexes          | |  2.0

Action                     |  1- 3 |  4- 6 |  7- 9 || total
---------------------------+-------+-------+-------++-------
   Fire: Sling             |    96 |   130 |     3 ||   229
    Use: Scroll            |     6 |     6 |     1 ||    13
         Potion            |     2 |     1 |       ||     3
 Armour: Robe              |     6 |       |       ||     6
         Leather armour    |    10 |       |       ||    10
         Ring mail         |       |    20 |     1 ||    21
  Dodge: Dodged            |    31 |    39 |     3 ||    73

Table legend:
 A = Non-vault XP
 B = Vault XP
 C = Vault XP percentage of total XP
 D = Non-vault monster count
 E = Vault monster count
 F = Vault count percentage of total count
                 A         B        C        D         E       F
            +---------+---------+-------+---------+---------+-------
      Total |     646 |     122 |  15.9 |      68 |      10 |  12.8
            +---------+---------+-------+---------+---------+-------
        D:1 |      25 |       0 |   0.0 |      16 |       0 |   0.0
        D:2 |      26 |      18 |  40.9 |       7 |       3 |  30.0
        D:3 |      91 |       3 |   3.2 |      24 |       2 |   7.7
        D:4 |     335 |       0 |   0.0 |      19 |       0 |   0.0
        D:5 |     169 |     101 |  37.4 |       2 |       5 |  71.4
            +---------+---------+-------+---------+---------+-------
